 Dungeon Crawl Stone Soup version 0.16-a0-327-gbff0e38 (webtiles) character file.

109 PolkaDot the Caller (level 4, 0/30 HPs)
             Began as a Vampire Summoner on Sept 5, 2014.
             Succumbed to a kobold's poison
             ... on Level 3 of the Dungeon.
             The game lasted 00:08:46 (2745 turns).

PolkaDot the Caller (Vampire Summoner)              Turns: 2745, Time: 00:08:46

HP   0/30        AC  4     Str 12      XL: 4   Next: 60%
MP   2/7         EV 12     Int 18      God:
Gold 95          SH  0     Dex 14      Spells:  3 memorised,  1 level left

rFire  + . .     SeeInvis +     g - +0 spear
rCold  + . .     Clarity  .     a - +0 robe
rNeg   . . .     rCorr    +     (no shield)
rPois  +         rRot     .     (no helmet)
rElec  +         Spirit   .     k - +0 cloak
SustAb .         Warding  .     (no gloves)
rMut   .         Stasis   .     m - +0 pair of boots
Gourm  .                        (no amulet)
MR     .....                    (no ring)
                                f - ring of invisibility

@: mighty, lethally poisoned, resistant, flying (expiring), regenerating
quickly, not resistant to hostile enchantments, unstealthy
A: fangs 3, see invisible, unbreathing
a: Evoke Invisibility


You were on level 3 of the Dungeon.
You were very full.

You visited 1 branch of the dungeon, and saw 3 of its levels.

You collected 95 gold pieces.

Inventory:

Hand weapons
 g - a +0 spear (weapon)
Armour
 a - a +0 robe (worn)
 k - a +0 cloak (worn)
 m - a +0 pair of boots (worn)
Scrolls
 c - 6 scrolls of identify {unknown}
 d - a scroll of remove curse {unknown}
 h - a scroll of random uselessness
 j - a scroll of magic mapping {unknown}
 l - a scroll of amnesia {unknown}
 n - a scroll of noise {unknown}
Jewellery
 f - a ring of invisibility (left hand)
Books
 b - a book of Callings

   Spells                             Type                      Level
   *Summon Small Mammal               Summoning                    1
   *Call Imp                          Summoning                    2
   *Call Canine Familiar              Summoning                    3
   Summon Guardian Golem              Hexes/Summoning              4
   Summon Lightning Spire             Summoning/Air                4
   Summon Ice Beast                   Ice/Summoning                4


   Skills:
 - Level 2.1 Dodging
 - Level 3.0 Stealth
 - Level 2.0 Spellcasting
 * Level 6.0 Summonings


You had one spell level left.
You knew the following spells:

 Your Spells              Type           Power        Failure   Level  Hunger
a - Summon Small Mammal   Summ           ###.         1%          1    #......
d - Call Canine Familiar  Summ           ###.....     4%          3    ####...
s - Call Imp              Summ           ###.....     1%          2    ##.....


Dungeon Overview and Level Annotations

Branches:
Dungeon (3/15)

Altars:
Elyvilon
Fedhas
Kikubaaqudgha
Makhleb


Innate Abilities, Weirdness & Mutations

Your natural rate of healing is unusually fast.
You have razor-sharp teeth.
You have supernaturally acute eyesight.
You can survive without breathing.


Message History

* * * LOW HITPOINT WARNING * * *
You feel sick.
Your surroundings suddenly seem different.
* * * LOW HITPOINT WARNING * * *
You feel sick.
* * * LOW HITPOINT WARNING * * *
You feel sick.
* * * LOW HITPOINT WARNING * * *
You feel sick.
* * * LOW HITPOINT WARNING * * *
You feel sick.
The Executioner gives a hideous shriek!
Read which item? (? for menu, Esc to quit)
You don't have any such object.
Read which item? (? for menu, Esc to quit)
Okay, then.
You aren't carrying any potions.
A giant cockroach comes into view.
You are starting to lose your buoyancy.
You die...

.#...###. #.#.. .#####
#.#.#.########### .#
#...........?.....
'#######...).##..........
............. #.....###..
.............##.....#
.............##...#######
.............##......_#1#
............. #.@.#######
.........#.## #..>..#
.......%.# #.....#
#...####.# #......s #...#
... ..####### #...#
........ #...+ ........
#...# ........ ....#
..... .


You could see an Executioner and a giant cockroach (sleeping).

Vanquished Creatures
  2 adders
  A giant mite (D:3)
  A worm (D:2)
  3 giant geckos
  An orc (D:3)
  2 ball pythons
  3 giant cockroaches
  2 hobgoblins
  2 jackals (D:1)
  A quokka (D:2)
  3 bats
  6 giant newts
  12 goblins
  5 kobolds (D:2)
  5 rats
49 creatures vanquished.

Vanquished Creatures (collateral kills)
  5 adders
  A goblin (D:2)
  2 hobgoblins
  A quokka (D:2)
  4 kobolds
13 creatures vanquished.

Vanquished Creatures (others)
  A quokka (D:2)
  2 rats (D:2)
3 creatures vanquished.

Grand Total: 65 creatures vanquished

Notes
Turn   | Place    | Note
--------------------------------------------------------------
     0 | D:1      | PolkaDot, the Vampire Summoner, began the quest for the Orb.
     0 | D:1      | Reached XP level 1. HP: 13/13 MP: 3/3
   391 | D:1      | Reached XP level 2. HP: 19/19 MP: 4/4
   969 | D:2      | Found an ancient bone altar of Kikubaaqudgha.
  1029 | D:2      | Learned a level 2 spell: Call Imp
  1120 | D:2      | Reached skill level 5 in Summonings
  1139 | D:2      | Reached XP level 3. HP: 20/24 MP: 3/6
  1851 | D:2      | Found a blossoming altar of Fedhas.
  2038 | D:2      | Reached XP level 4. HP: 5/30 MP: 3/7
  2159 | D:2      | Learned a level 3 spell: Call Canine Familiar
  2417 | D:3      | Found a white marble altar of Elyvilon.
  2563 | D:3      | Reached skill level 6 in Summonings
  2741 | D:3      | HP: 1/30 [poisoned by a kobold]
  2743 | D:3      | Found a burning altar of Makhleb.
  2743 | D:3      | Noticed an Executioner
  2745 | D:3      | Succumbed to a kobold's poison

Action                   |  1- 3 |  4- 6 || total
-------------------------+-------+-------++-------
Melee: Unarmed           |    23 |       ||    23
       Spear             |   127 |    64 ||   191
 Cast: Summon Small Mamm |    11 |       ||    11
       Call Imp          |     7 |     4 ||    11
       Call Canine Famil |       |     4 ||     4
  Use: Potion            |     3 |     3 ||     6
       Scroll            |       |     3 ||     3
 Stab: Sleeping          |     6 |     2 ||     8
  Eat: Corpse            |    15 |     8 ||    23
